 Dungeon Crawl Stone Soup version 0.27.1-4-g1640c2035a (webtiles) character file.

Game seed: 7159763821759361249

1906 Gabide the Ducker (level 9, -1/67 HPs)
             Began as a Human Artificer on Nov 4, 2021.
             Was a Follower of Ru.
             Slain by a black bear (4 damage)
             ... on level 6 of the Dungeon.
             The game lasted 00:23:00 (6855 turns).

Gabide the Ducker (Human Artificer)                 Turns: 6855, Time: 00:23:00

Health: -1/67      AC:  6    Str: 11 (12) XL:     9   Next: 38%
Magic:  9/9        EV: 18    Int:  8 (11) God:    Ru [*.....]
Gold:   266        SH:  0    Dex: 17 (18) Spells: 8/8 levels left

rFire    . . .     SeeInvis +   b - +3 rapier (venom)
rCold    . . .     Faith    .   (no shield)
rNeg     . . .     Spirit   .   o - +3 leather armour {rPois}
rPois    +         Reflect  .   (no helmet)
rElec    .         Harm     .   (no cloak)
rCorr    .         Rampage  .   (no gloves)
Will     .....                  (no boots)
Stlth    ++........             (no amulet)
HPRegen  0.21/turn              j - +4 ring of evasion
MPRegen  0.11/turn              q - ring of see invisible

@: studying Stealth
A: no earth magic, no hexes magic, no translocations magic
a: Renounce Religion


You were on level 6 of the Dungeon.
You worshipped Ru.
Ru was aware of your devotion.
You visited 1 branch of the dungeon, and saw 6 of its levels.

You collected 266 gold pieces.

Inventory:

Hand Weapons
 a - a +1 short sword of speed
 b - a +3 rapier of venom (weapon)
 g - a +1 short sword of draining
Armour
 o - a +3 leather armour of poison resistance (worn)
Jewellery
 i - a ring of positive energy
 j - a +4 ring of evasion (left hand)
 q - a ring of see invisible (right hand)
 t - a +6 ring of intelligence
Wands
 c - a wand of digging (4)
 d - a wand of charming (1)
 h - a wand of iceblast (4)
Scrolls
 k - a scroll of amnesia
Potions
 f - a potion of attraction
Miscellaneous
 e - a piece from Xom's chessboard (11/15) (quivered)


   Skills:
 * Level 4.9 Fighting
 + Level 5.3 Short Blades
 + Level 1.3 Maces & Flails
 + Level 4.3 Armour
 * Level 5.6 Dodging
 + Level 3.0 Stealth
 * Level 5.5 Evocations


You had 8 spell levels left.
You didn't know any spells.
Your spell library contained the following spells:

 Spells                   Type           Power      Damage    Failure   Level
 Animate Skeleton         Necr           0%         N/A       50%         1
 Magic Dart               Conj           0%         1d3       50%         1
 Summon Small Mammal      Summ           0%         N/A       50%         1
 Call Imp                 Summ           0%         N/A       63%         2
 Static Discharge         Conj/Air       0%         N/A       63%         2
 Mephitic Cloud           Conj/Pois/Air  0%         N/A       86%         3
 Dispel Undead            Necr           0%         3d6       99%         4
 Sticky Flame             Conj/Fire      0%         2d3       99%         4
 Summon Lightning Spire   Summ/Air       0%         N/A       99%         4
 Fire Storm               Conj/Fire      0%         5d1       100%        9
 Apportation              Tloc           Unusable   N/A       N/A         1
 Corona                   Hex            Unusable   N/A       N/A         1
 Ensorcelled Hibernation  Hex/Ice        Unusable   N/A       N/A         2
 Tukima's Dance           Hex            Unusable   N/A       N/A         3

Dungeon Overview and Level Annotations

Branches:
Dungeon (6/15)
 Temple: D:4-7

Altars:
Hepliaklqana
Ru
Sif Muna


Innate Abilities, Weirdness & Mutations

You cannot study or cast Earth magic.
You cannot study or cast Hexes magic.
You cannot study or cast Translocations magic.


Message History

It was a potion of degeneration.
There was something very wrong with that liquid.
You feel weakened.
You feel dopey.
You feel clumsy. The centaur zombie hits you.
* * * LOW HITPOINT WARNING * * *
The centaur zombie kicks you.
* * * LOW HITPOINT WARNING * * *
A jelly comes into view.
Aiming: Iceblast
Press: ? - help, Shift-Dir - straight line, f - water moccasin, p - centaur zombie
Aim: a water moccasin (wandering, hasn't noticed you)
The mass of ice explodes!
The iceblast engulfs the water moccasin!
The water moccasin is heavily wounded.
The water moccasin hisses angrily.
The iceblast engulfs the jelly!!
You kill the jelly!
The iceblast engulfs the black bear!
The black bear is heavily wounded.
The centaur hits you but does no damage.
The centaur misses you. The centaur zombie misses you.
The centaur zombie completely misses you.
The centaur barely misses you. x2; The centaur zombie barely misses you.
The centaur zombie misses you. The water moccasin misses you.
The centaur hits you but does no damage.
The centaur misses you.
The centaur is stunned by your conviction and fails to attack.
The centaur hits you.
* * * LOW HITPOINT WARNING * * *
The centaur closely misses you.
Aiming: Charm
Press: ? - help, Shift-Dir - straight line, f - black bear, p - water moccasin
Aim: a black bear (moderately wounded, chance to affect: 62%)
The black bear resists with significant effort.
The centaur hits you.
* * * LOW HITPOINT WARNING * * *
The centaur barely misses you.
The black bear bites you but does no damage.
The black bear claws you.
You die...

........# #..#..#.##
........# #..###..#.#
........##..##.##g†##
........#..##...##..#
...##...#.# ..?. ##.#
...#....#..# ...##..#
........##..##.##..##
.......# #..#.#).#.#
#.....# #..Sc@#.##
##...## #.#.Zh#.#.#
#.....###############
)........#...
####.........
#..8#........
....#........
#...#........
.#.##........


You could see a water moccasin, a black bear, a centaur and a centaur zombie.

Vanquished Creatures
  Pikel (D:5)
  Duvessa (D:5)
  A vampire (D:5)
  A black bear (D:6)
  2 necrophages
  A centaur (D:5)
  A scorpion (D:5)
  A gnoll sergeant (D:6)
  3 killer bees
  2 hounds
  A jelly (D:6)
  Ijyb (D:5)
  2 iguanas
  7 adders
  An adder skeleton (D:4)
  A worm (D:5)
  2 dart slugs
  4 orcs
  3 endoplasms
  4 giant cockroaches
  5 goblins
  6 hobgoblins
  2 jackals (D:2)
  5 quokkas
  5 ball pythons
  2 bats
  A frilled lizard (D:1)
  5 kobolds
  7 rats
78 creatures vanquished.

Vanquished Creatures (collateral kills)
  Eustachio (D:3)
  Dowan (D:5)
  A killer bee (D:5)
  A bullfrog zombie (D:5)
  An iguana (D:5)
5 creatures vanquished.

Vanquished Creatures (others)
  2 killer bees (D:5)
2 creatures vanquished.

Grand Total: 85 creatures vanquished

Notes
Turn   | Place    | Note
-------+----------+-------------------------------------------
     0 | D:1      | Gabide the Human Artificer began the quest for the Orb.
     0 | D:1      | Reached XP level 1. HP: 15/15 MP: 1/1
   361 | D:1      | Found a faded altar of an unknown god.
   396 | D:1      | Reached XP level 2. HP: 16/21 MP: 2/2
  1754 | D:2      | Reached XP level 3. HP: 7/19 MP: 3/3
  2194 | D:2      | Reached skill level 1 in Maces & Flails
  2653 | D:2      | Reached XP level 4. HP: 26/29 MP: 4/4
  2987 | D:3      | Reached XP level 5. HP: 37/37 MP: 5/5
  3081 | D:3      | Found a sacrificial altar of Ru.
  3089 | D:3      | Became a worshipper of Ru the Awakened
  3581 | D:4      | Noticed Eustachio
  3596 | D:3      | Reached skill level 1 in Short Blades
  3673 | D:3      | Killed Eustachio
  3674 | D:3      | Reached XP level 6. HP: 9/44 MP: 6/6
  3962 | D:4      | Noticed a necrophage
  3971 | D:4      | Killed a necrophage
  4114 | D:4      | Reached XP level 7. HP: 51/51 MP: 7/7
  4598 | D:5      | Entered Level 5 of the Dungeon
  4613 | D:5      | Killed a killer bee
  4957 | D:5      | Reached XP level 8. HP: 55/58 MP: 8/8
  5128 | D:5      | Noticed Duvessa
  5135 | D:5      | Noticed Dowan
  5143 | D:5      | Killed Dowan
  5185 | D:5      | Killed Duvessa
  5232 | D:5      | Noticed Ijyb
  5347 | D:5      | Got the Collected Works on Companions and the Blaze
  5375 | D:5      | Noticed Pikel
  5378 | D:5      | Noticed a vampire
  5385 | D:5      | Found a shimmering blue altar of Sif Muna.
  5551 | D:5      | Found a hazy altar of Hepliaklqana.
  5614 | D:5      | Gained mutation: You cannot study or cast Earth magic. [Ru
                  | sacrifice]
  5614 | D:5      | Gained mutation: You cannot study or cast Hexes magic. [Ru
                  | sacrifice]
  5614 | D:5      | Gained mutation: You cannot study or cast Translocations
                  | magic. [Ru sacrifice]
  5614 | D:5      | Reached * piety under Ru
  5788 | D:5      | Killed Pikel
  5789 | D:5      | Reached skill level 5 in Dodging
  5789 | D:5      | Reached skill level 5 in Evocations
  5789 | D:5      | Reached XP level 9. HP: 23/66 MP: 9/9
  6289 | D:5      | Killed Ijyb
  6323 | D:5      | Reached skill level 5 in Short Blades
  6710 | D:6      | Identified a scroll of acquirement
  6710 | D:6      | Acquired a manual of Stealth
  6855 | D:6      | HP: 3/67 [centaur (1)]
  6855 | D:6      | Slain by a black bear

Illustrated notes

Levels and vault maps discovered:
D:1:      dpeg_arrival_castle, layout_basic, basic_ecumenical_altar,
          serial_bayou_pond_c
D:2:      layout_basic, minmay_tetromino_s4
D:3:      layout_basic, nicolae_ru_sacrificial_ziggurat
D:4:      layout_basic, uniq_eustachio
D:5:      layout_cave_pods, nicolae_overflow_hidden_temple, chequers_jeans,
          minmay_stone_trees_small, uniq_duvessa, uniq_pikel, uniq_ijyb
D:6:      minmay_diamond_boxcup, layout_layer_cave, grunt_decor_arrowhead,
          minivault_1, corexii_corridor_pit, hangedman_decor_clover_reticule

Skill      XL: |  1  2  3  4  5  6  7  8  9 |
---------------+----------------------------+-----
Maces & Flails | 1 |  1.3
Dodging        | 2 3 4 5 |  5.6
Short Blades   | 1 2 3 4 5 |  5.3
Armour         | 3 4 |  4.3
Fighting       | 2 3 4 |  4.9
Evocations     | 4 5 |  5.5
Stealth        | 2 3 |  3.0

Action                   |  1- 3 |  4- 6 |  7- 9 || total
-------------------------+-------+-------+-------++-------
Melee: Club              |    61 |       |       ||    61
       Short sword       |    39 |    72 |       ||   111
       Rapier            |       |    17 |   142 ||   159
Invok: Sacrifice Arcana  |       |       |     1 ||     1
Evoke: Wand              |     5 |    14 |    12 ||    31
       Piece from Xom's  |       |     2 |     5 ||     7
  Use: Scroll            |     2 |     3 |     7 ||    12
       Potion            |       |     2 |     5 ||     7
 Stab: Sleeping          |     3 |     1 |     3 ||     7
       Distracted        |       |       |     1 ||     1
Armor: Leather armour    |    32 |    25 |    21 ||    78
       Skin              |       |       |     2 ||     2
Dodge: Dodged            |    64 |    97 |   180 ||   341
